 Dungeon Crawl Stone Soup version 0.22-a0-448-g1fb7470 (webtiles) character file.

781 pk666 the Conjurer (level 7, -2/54 HPs)
             Began as a Deep Elf Fire Elementalist on June 4, 2018.
             Slain by an ogre
             ... wielding a +0 giant club
              (9 damage)
             ... on level 5 of the Dungeon.
             The game lasted 00:18:16 (4886 turns).

pk666 the Conjurer (Deep Elf Fire Elementalist)     Turns: 4886, Time: 00:18:17

Health: -2/54      AC: 23    Str:  4 (5)  XL:     7   Next: 55%
Magic:  2/17       EV:  2    Int: 25 (27) God:
Gold:   165        SH:  0    Dex: 15 (17) Spells: 8/17 levels left

rFire    + . .     SeeInvis .   b - +0 dagger
rCold    + . .     Gourm    .   (no shield)
rNeg     + + +     Faith    .   (armour currently unavailable)
rPois    +         Spirit   .   (helmet currently unavailable)
rElec    +         Reflect  .   (cloak currently unavailable)
rCorr    +         Harm     .   (gloves currently unavailable)
MR       .....     NoTele   +   (boots currently unavailable)
Stlth    ++........             (no amulet)
HPRegen  0.18/turn              p - +2 ring of dexterity
MPRegen  0.15/turn              (no ring)

@: brilliant, lethally poisoned (-2 -> -4), tree-form (expiring), resistant,
very slightly contaminated, hasted, invisible, very quick
A: no striking features
a: no special abilities


You were on level 5 of the Dungeon.
You were not hungry.
You were a tree.
You visited 1 branch of the dungeon, and saw 5 of its levels.

You collected 285 gold pieces.
You spent 120 gold pieces at shops.

Inventory:

Hand Weapons
 b - a +0 dagger (weapon)
Armour
 a - a +0 robe (melded)
 t - a +2 pair of gloves (melded)
Jewellery
 p - a +2 ring of dexterity (left branch)
Wands
 r - a wand of flame (22)
 s - a wand of acid (8)
Scrolls
 d - 2 scrolls of identify {unknown}
 e - 2 scrolls of fear {unknown}
 f - a scroll of fog {unknown}
 g - 2 scrolls of magic mapping
 n - 4 scrolls of teleportation
 o - a scroll of immolation {unknown}
 q - 2 scrolls of enchant armour {unknown}
 u - a scroll of holy word {unknown}
 w - a scroll of remove curse {unknown}
 y - 2 scrolls of amnesia {unknown}
Potions
 i - a potion of brilliance
 l - 2 potions of lignification
 m - a potion of degeneration
Comestibles
 c - 10 rations


   Skills:
 - Level 2.4 Dodging
 - Level 2.4 Stealth
 + Level 5.7 Spellcasting
 * Level 5.9 Conjurations
 - Level 3.0 Charms
 + Level 2.9 Necromancy
 + Level 5.3 Fire Magic


You had 8 spell levels left.
You knew the following spells:

 Your Spells              Type           Power        Failure   Level  Hunger
a - Flame Tongue          Conj/Fire      #####        1%          1    None
b - Fireball              Conj/Fire      ######....   2%          5    #####..
c - Regeneration          Chrm/Necr      #####.....   1%          3    #......

Your spell library contained the following spells:

 Spells                   Type           Power        Failure   Level  Hunger
 Conjure Flame            Conj/Fire      ######..     1%          3    #......
 Throw Flame              Conj/Fire      ######       1%          2    None
 Animate Dead             Necr           N/A          2%          4    ###....
 Pain                     Necr           ####         1%          1    None
 Animate Skeleton         Necr           N/A          1%          1    None
 Vampiric Draining        Necr           #####.....   1%          3    #......
 Sticky Flame             Conj/Fire      ######..     1%          4    ###....
 Shroud of Golubria       Chrm/Tloc      ####......   1%          2    None
 Inner Flame              Hex/Fire       #####...     1%          3    #......
 Infusion                 Chrm           ####         1%          1    None
 Song of Slaying          Chrm           #####...     1%          2    None
 Spectral Weapon          Hex/Chrm       ####....     1%          3    #......


Dungeon Overview and Level Annotations

Branches:
Dungeon (5/15)
 Temple: D:4-7

Altars:
Okawaru
Ru
Yredelemnul
Zin

Shops:
D:4 **

Annotations:
D:4 1 exclusion, wazuzu's ghost, amateur HOMo
D:5 anet's ghost, novice GnWz


Message History

Anet's ghost points at you and mumbles some strange words.
The ball explodes into a vile cloud!
The stinking cloud engulfs you!
The stinking cloud engulfs anet's ghost.
Anet's ghost appears unharmed.
The stinking cloud engulfs the ogre.
You barely miss the ogre.
You feel sick. The ogre hits you with a giant club.
* * * LOW HITPOINT WARNING * * *
You hit the ogre.
The ogre is lightly wounded.
You barely miss the ogre.
The ogre is lightly wounded.
The ogre hits you with a giant club.
* * * LOW HITPOINT WARNING * * *
You fade into invisibility!
You feel sick.
The phantom hits you but does no damage.
You are very lightly contaminated with residual magic.
You hit the phantom but do no damage.
The phantom is lightly damaged.
The ogre hits you with a giant club!
You die...

###......).#
#...####.#
###.# #.#
##.####(######
#......5.....#
#...###.####.#
#.#.# #W#
#.#.# #W#
#.#.# #♣#
#.#.# #O#
#.#.# #..
#.#.# ####
#.#.# #.# #.#
... .....


You could see a phantom, an ogre, anet's ghost and a crimson imp.

Vanquished Creatures
  A phantom (D:5)
  2 ogres
  A centaur (D:5)
  A jelly (D:5)
  A hound (D:4)
  2 orc wizards (D:4)
  A bullfrog skeleton (D:4)
  An iguana (D:4)
  3 worker ants
  9 adders
  3 gnolls (D:3)
  An adder skeleton (D:5)
  4 worms (D:3)
  4 leopard geckos
  7 orcs
  2 giant cockroaches
  3 goblins
  7 hobgoblins
  14 jackals
  9 kobolds
  A ball python skeleton (D:3)
  8 bats
  2 frilled lizards
  8 rats
95 creatures vanquished.

Notes
Turn   | Place    | Note
-------+----------+-------------------------------------------
     0 | D:1      | pk666 the Deep Elf Fire Elementalist began the quest for the Orb.
     0 | D:1      | Reached XP level 1. HP: 10/10 MP: 6/6
   174 | D:1      | Reached XP level 2. HP: 13/15 MP: 1/8
   765 | D:2      | Reached XP level 3. HP: 19/19 MP: 7/9
   872 | D:2      | Found a basalt altar of Yredelemnul.
  1033 | D:2      | Found a sacrificial altar of Ru.
  1236 | D:2      | Reached XP level 4. HP: 24/24 MP: 9/11
  2012 | D:3      | Reached XP level 5. HP: 28/28 MP: 5/13
  2087 | D:3      | Learned a level 5 spell: Fireball
  2293 | D:3      | Found an iron altar of Okawaru.
  2575 | D:3      | Learned a level 3 spell: Regeneration
  2772 | D:4      | Noticed wazuzu's ghost (amateur HOMo)
  2877 | D:4      | Noticed an ogre
  2930 | D:4      | Found Ukul's Assorted Antiques.
  2938 | D:4      | Bought a scroll labeled DAISTE RASOIN for 30 gold pieces
  2938 | D:4      | Bought a scroll labeled SETAUK QEFOAPT for 30 gold pieces
  2938 | D:4      | Bought a scroll labeled NIMYDGHU MACAU for 30 gold pieces
  2938 | D:4      | Bought a scroll labeled SETAUK QEFOAPT for 30 gold pieces
  2940 | D:4      | Found Zin's Purification Station.
  2940 | D:4      | Found a glowing silver altar of Zin.
  3033 | D:4      | Reached skill level 1 in Charms
  3080 | D:4      | Reached skill level 1 in Necromancy
  3080 | D:4      | Reached XP level 6. HP: 16/32 MP: 7/15
  3564 | D:4      | Reached skill level 5 in Spellcasting
  3750 | D:4      | HP: 1/32 [ogre/giant club (15)]
  3802 | D:3      | Reached skill level 5 in Conjurations
  4186 | D:5      | Entered Level 5 of the Dungeon
  4544 | D:5      | Reached skill level 5 in Fire Magic
  4544 | D:5      | Reached XP level 7. HP: 29/36 MP: 4/17
  4815 | D:5      | Noticed anet's ghost (novice GnWz)
  4886 | D:5      | Slain by an ogre

Vault maps used:
D:1:      erik_arrival_triangle_medium
D:2:      nicolae_overflow_hidden_temple, nicolae_ru_the_path_less_chosen
D:3:      first_ration, serial_aquarium, aquarium_bridge_square,
          aquarium_window_corner, aquarium_window_1, aquarium_window_corner,
          aquarium_window_fake, aquarium_view_2d, aquarium_balcony_double_4,
          aquarium_pool_side, okawaru_ov_weapons_minmay
D:4:      zin_purify, serial_shops, nicolae_shop_overgrown_old_shop
D:5:      marbit_many_paths, uniq_eustachio

Skill      XL: |  1  2  3  4  5  6  7 |
---------------+----------------------+-----
Conjurations   | 2 3 4 5 |  5.9
Fire Magic     | 4 5 |  5.3
Spellcasting   | 4 5 |  5.7
Charms         | 1 2 3 |  3.0
Necromancy     | 1 2 |  2.9
Dodging        | |  2.4
Stealth        | |  2.4

Action                   |  1- 3 |  4- 6 |  7- 9 || total
-------------------------+-------+-------+-------++-------
Melee: Dagger            |       |       |    20 ||    20
 Cast: Flame Tongue      |    62 |   151 |    39 ||   252
  Use: Scroll            |       |     2 |       ||     2
       Potion            |       |       |     9 ||     9
  Eat: Chunk             |     1 |     8 |       ||     9
       Ration            |       |       |     1 ||     1
Armor: Robe              |     8 |    13 |     3 ||    24
       Skin              |       |       |    19 ||    19
Dodge: Dodged            |    17 |    44 |     5 ||    66

Table legend:
 A = Spawn XP
 B = Non-spawn XP
 C = Spawn XP percentage of total XP
 D = Spawn monster count
 E = Non-spawn monster count
 F = Spawn count percentage of total count
 G = Total turns spent on level
                    A         B        C        D         E        F      G
               +---------+---------+-------+---------+---------+-------+---------
         Total |       0 |    1117 |   0.0 |       0 |      95 |   0.0 |  4886
               +---------+---------+-------+---------+---------+-------+---------
           D:1 |       0 |      40 |   0.0 |       0 |      22 |   0.0 |   755
           D:2 |       0 |      99 |   0.0 |       0 |      19 |   0.0 |   919
           D:3 |       0 |     245 |   0.0 |       0 |      33 |   0.0 |  1482
           D:4 |       0 |     297 |   0.0 |       0 |      12 |   0.0 |  1030
           D:5 |       0 |     436 |   0.0 |       0 |       9 |   0.0 |   700
               +---------+---------+-------+---------+---------+-------+---------
